 Dungeon Crawl Stone Soup version 0.26.1-11-gd32895ea62 (webtiles) character file.

Game seed: 12493916137508824923

14 Zeld the Caller (level 2, -2/17 HPs)
             Began as an Octopode Summoner on May 15, 2021.
             Slain by a leopard gecko (4 damage)
             ... on level 1 of the Dungeon.
             The game lasted 00:01:28 (759 turns).

Zeld the Caller (Octopode Summoner)                  Turns: 759, Time: 00:01:28

Health: -2/17      AC:  1    Str:  7    XL:     2   Next: 45%
Magic:  3/5        EV: 13    Int: 17    God:
Gold:   0          SH:  0    Dex: 12    Spells: 2/5 levels left

rFire    . . .     SeeInvis .   a - +0 dagger
rCold    . . .     Faith    .   (no shield)
rNeg     . . .     Spirit   .   (helmet restricted)
rPois    .         Reflect  .   (no amulet)
rElec    .         Harm     .   (no ring)
rCorr    .         Rampage  .   (no ring)
Will     .....                  (no ring)
Stlth    +++.......             (no ring)
HPRegen  0.05/turn              (no ring)
MPRegen  0.09/turn              (no ring)
                                (no ring)
                                (no ring)

@: no status effects
A: almost no armour, stealthy swim, amphibious, 8 rings, constrict 8, camouflage
1, gelatinous body 1
a: no special abilities


You were on level 1 of the Dungeon.
You visited 1 branch of the dungeon, and saw 1 of its levels.

Inventory:

Hand Weapons
 a - a +0 dagger (weapon)
Missiles
 b - 11 poisoned darts (quivered)
Potions
 c - 2 potions of haste {unknown}


   Skills:
 - Level 0.2 Fighting
 * Level 1.2 Throwing
 - Level 2.0 Dodging
 - Level 2.6 Stealth
 + Level 2.2 Spellcasting
 - Level 4.0 Summonings


You had 2 spell levels left.
You knew the following spells:

 Your Spells              Type           Power        Failure   Level
a - Summon Small Mammal   Summ           60%          3%          1
b - Call Imp              Summ           15%          5%          2

Your spell library contained the following spells:

 Spells                   Type           Power        Failure   Level
 Call Canine Familiar     Summ           15%          11%         3
 Summon Guardian Golem    Hex/Summ       8%           24%         3
 Summon Ice Beast         Ice/Summ       8%           63%         4
 Summon Lightning Spire   Summ/Air       8%           63%         4


Dungeon Overview and Level Annotations

Branches:
Dungeon (1/15)

Altars:


Innate Abilities, Weirdness & Mutations

You cannot wear most types of armour.
You are very stealthy in the water. (Stealth+)
You are amphibious.
You can wear up to eight rings at the same time.
You can use your tentacles to constrict eight enemies at once.
Your skin changes colour to match your surroundings (Stealth+).
Your rubbery body absorbs attacks. (AC +1, EV +1)


Message History

The bat barely misses you.
Casting: Summon Small Mammal (safe; 3% risk of failure)
Confirm with . or Enter, or press ? or * to list all spells.
A beastly little devil appears in a puff of flame.
The bat hits you. The leopard gecko bites you.
* * * LOW HITPOINT WARNING * * *
Unknown command.
The bat hits you.
* * * LOW HITPOINT WARNING * * *
The bat barely misses you. The leopard gecko misses you.
Your crimson imp hits the frilled lizard.
The frilled lizard dies!
The bat closely misses you.
Your crimson imp hits the frilled lizard.
The frilled lizard dies!
The leopard gecko misses you.
You barely miss the leopard gecko. Your grab misses the leopard gecko.
The leopard gecko is lightly wounded.
The leopard gecko bites you.
You die...

!..........###.#?# .....
..............#.##.....
###...........#........
##...............#......
....†..................
.#.#.......#...5...#
...#.......#...#b###
...........#...#l#
.####......#5?.#@#
#......#...#.#
###............#####.
................$....
#####.......[........
#...#.##.........
#.....##.........
#.)..###......... ##...#
#.........


You could see a leopard gecko, a bat and a friendly crimson imp (summoned).

Vanquished Creatures
  2 ball pythons (D:1)
  A bat (D:1)
  A giant cockroach (D:1)
  A frilled lizard (D:1)
  2 goblins (D:1)
  2 kobolds (D:1)
  A rat (D:1)
10 creatures vanquished.

Vanquished Creatures (collateral kills)
  A hobgoblin (D:1)
  2 bats (D:1)
  2 frilled lizards (D:1)
5 creatures vanquished.

Grand Total: 15 creatures vanquished

Notes
Turn   | Place    | Note
-------+----------+-------------------------------------------
     0 | D:1      | Zeld the Octopode Summoner began the quest for the Orb.
     0 | D:1      | Reached XP level 1. HP: 11/11 MP: 3/3
   475 | D:1      | Reached XP level 2. HP: 12/17 MP: 5/5
   574 | D:1      | Reached skill level 1 in Throwing
   732 | D:1      | Learned a level 2 spell: Call Imp
   759 | D:1      | Slain by a leopard gecko

Illustrated notes

Levels and vault maps discovered:
D:1:      psy_arrival_whirlpool, layout_basic

Skill      XL: |  1  2 |
---------------+-------+-----
Throwing       | 1 |  1.2
Fighting       | |  0.2
Dodging        | |  2.0
Stealth        | |  2.6
Spellcasting   | |  2.2
Summonings     | |  4.0

Action                   || total
-------------------------++-------
Melee: Dagger            ||    28
       Unarmed           ||     7
       Constrict         ||     9
       Tentacles         ||     5
Throw: Dart              ||     1
 Cast: Summon Small Mamm ||     4
       Call Imp          ||     1
Armor: Skin              ||     5
Dodge: Dodged            ||    42
